 Dungeon Crawl Stone Soup version 0.29-a0-210-g9445043ebc (webtiles) character file.

Game seed: 16948460833497182622

382 GabrielManson the Skirmisher (level 6, 0/50 HPs)
             Began as a Draconian Delver on Feb 24, 2022.
             Was an Initiate of Ashenzari.
             Slain by an orc warrior
             ... wielding a +0 trident
              (12 damage)
             ... on level 5 of the Dungeon.
             The game lasted 00:31:25 (5975 turns).

GabrielManson the Skirmisher (Draconian Delver)     Turns: 5975, Time: 00:31:26

Health: 0/50       AC:  9    Str: 15    XL:     6   Next: 47%
Magic:  6/6        EV: 17    Int: 10    God:    Ashenzari [......]
Gold:   334        SH:  0    Dex: 14    Spells: 5/5 levels left

rFire   . . .      SeeInvis .   a - +0 falchion
rCold   + . .      Faith    .   (no shield)
rNeg    . . .      Spirit   .   (body armour unavailable)
rPois   .          Reflect  .   (helmet restricted)
rElec   .          Harm     .   v - +1 cloak {Stlth+}
rCorr   .          Rampage  .   t - +0 pair of gloves
Will    .....      Clarity  +   (no boots)
Stlth   ++++......              (no amulet)
HPRegen 0.16/turn               m - ring "Prescient Incredulity" {rC+, Melee, Elem} (curse)
MPRegen 0.10/turn               p - +4 ring of evasion

@: brilliant, attractive
A: AC +6, unfitting armour, cold-blooded, clarity, frail 1
a: Renounce Religion, Curse Item, Shatter the Chains


You were on level 5 of the Dungeon.
You worshipped Ashenzari.
Ashenzari was noncommittal.
You visited 2 branches of the dungeon, and saw 6 of its levels.

You collected 334 gold pieces.

Inventory:

Hand Weapons
 a - a +0 falchion (weapon)
Missiles
 i - 5 boomerangs (quivered)
Armour
 t - a +0 pair of gloves (worn)
 v - a +1 cloak of stealth (worn)
Jewellery
 m - the cursed ring "Prescient Incredulity" (left hand) {rC+, Melee, Elem}
   (You found it on level 2 of the Dungeon)

   [ring of protection from cold]

   rC:        It protects you from cold.
   It has a curse which improves the following skills: Melee Combat: Short
   Blades, Long Blades, Axes, Maces & Flails, Polearms, Staves and Unarmed
   Combat.
   Elements:  Fire Magic, Ice Magic, Air Magic and Earth Magic.
 p - a +4 ring of evasion (right hand)
 s - a ring of fire
Wands
 f - a wand of digging (3)
Scrolls
 b - a scroll of fog
 c - 2 scrolls of magic mapping
 d - 4 scrolls of noise {unknown}
 e - 3 scrolls of identify
 g - a scroll of silence {unknown}
 h - 5 scrolls of enchant weapon {unknown}
 j - 3 scrolls of enchant armour
 l - a scroll of amnesia {unknown}
 n - a scroll of vulnerability {unknown}
 o - 2 scrolls of fear
 q - a scroll of brand weapon {unknown}
 w - a scroll of teleportation
Potions
 x - a potion of might {unknown}


   Skills:
 - Level 5.1 Fighting
 * Level 4.4(4.9) Long Blades
 - Level 0.2 Throwing
 + Level 3.4 Dodging
 - Level 5.0 Stealth


You had 5 spell levels left.
You didn't know any spells.
Your spell library contained the following spells:

 Spells                   Type           Power      Damage    Failure   Level
 Animate Skeleton         Necr           0%         N/A       36%         1
 Pain                     Necr           0%         1d4       36%         1
 Vampiric Draining        Necr           0%         2d6       75%         3


Dungeon Overview and Level Annotations

Branches:
Dungeon (5/15)             Temple (1/1) D:4

Altars:
Ashenzari
Cheibriados
Dithmenos
Elyvilon
Fedhas
Gozag
Hepliaklqana
Kikubaaqudgha
Makhleb
Nemelex Xobeh
Okawaru
Qazlal
Ru
Sif Muna
Trog
Uskayaw
Vehumet
Wu Jian
Xom
Yredelemnul
Zin
The Shining One


Innate Abilities, Weirdness & Mutations

Your plain brown scales are hard. (AC +6)
You cannot fit into any form of body armour.
You are cold-blooded and may be slowed by cold attacks.
You possess an exceptional clarity of mind.
You are frail. (-10% HP)


Message History

You hit the orc.
The orc is severely wounded.
The orc hits you but does no damage. The orc warrior barely misses you.
You slash the orc!
You kill the orc!
The orc warrior barely misses you. The orc completely misses you.
You barely miss the orc. The orc warrior misses you.
The orc hits you but does no damage.
The orc wizard shouts!
You slash the orc!
You kill the orc!
The orc warrior misses you.
Throw: 5 boomerangs
Press: ? - help, Q - select action, (/) - cycle Shift-Dir - straight line, f - orc warrior
Aim: an orc warrior, wielding a +0 trident and wearing a +0 plate armour (60% to hit)
You throw a boomerang. The boomerang hits the orc warrior.
The orc warrior is lightly wounded.
The orc warrior hits you from afar with a +0 trident.
The orc warrior hits you from afar with a +0 trident.
An orc priest comes into view. It is wielding a +0 dagger.
The orc warrior misses you.
The orc priest moves out of view.
You closely miss the orc warrior.
The orc warrior is lightly wounded.
The orc shouts!
You hear a shout!
The orc warrior hits you with a +0 trident!
* * * LOW HITPOINT WARNING * * *
An orc comes into view. It is wielding a +0 flail.
You feel better. The orc warrior completely misses you.
As you read the scroll of fog, it crumbles to dust.
The scroll dissolves into smoke.
The orc warrior hits you with a +0 trident.
* * * LOW HITPOINT WARNING * * *
The orc warrior closely misses you.
It was a potion of brilliance.
You feel clever all of a sudden. The orc warrior barely misses you.
It was a potion of attraction.
You feel attractive to monsters.
The orc warrior hits you from afar with a +0 trident!
You die...

#............ ###....
####............ ......o
#............... ..)..o.
#.......###..... .o...o #.......#
#.#### #o... #.......###.# #....
#...........#
..#..(§####....##)###.#
......oo§@#....##.#
..#######§§§..###.# #...###§§§..#
#.# ## #....##..§..# #.. .
#.....#.....# ### #.####
##########.....#.....# ......
#..............#.....# #.##.#
#..##.####.....#.....#######.##..
............................>##.#


You could see an orc warrior.

Vanquished Creatures
  A necrophage (D:4)
  2 hounds (D:5)
  Crazy Yiuf (D:4)
  A bullfrog skeleton (D:4)
  An iguana (D:3)
  7 adders
  A worm (D:2)
  4 dart slugs
  4 orcs
  6 bats
  5 bat skeletons (D:3)
  A bat zombie (D:3)
  7 endoplasms
  2 giant cockroaches
  10 goblins
  6 hobgoblins
  3 jackals (D:1)
  3 kobolds (D:2)
  4 quokkas
  4 ball pythons
  2 frilled lizards (D:3)
  3 rats
78 creatures vanquished.

Notes
Turn   | Place    | Note
-------+----------+-------------------------------------------
     0 | D:5      | GabrielManson the Draconian Delver began the quest for the
                  | Orb.
     0 | D:5      | Reached XP level 1. HP: 19/19 MP: 1/1
    46 | D:5      | Reached XP level 2. HP: 22/26 MP: 2/2
   827 | D:4      | Noticed a necrophage
   851 | D:4      | Found a staircase to the Ecumenical Temple.
   863 | Temple   | Entered the Ecumenical Temple
  1218 | Temple   | Became a worshipper of Ashenzari the Shackled
  1325 | D:4      | Found a runed translucent door.
  1326 | D:4      | Noticed Crazy Yiuf
  2029 | D:3      | Reached XP level 3. HP: 15/31 MP: 3/3
  2280 | D:2      | Found a basalt altar of Yredelemnul.
  2507 | D:2      | Gained mutation: You are frail. (-10% HP) [potion of
                  | mutation]
  2507 | D:2      | Gained mutation: You possess an exceptional clarity of
                  | mind. [potion of mutation]
  2548 | D:2      | HP: 1/27 [poisoned by an adder]
  2558 | D:2      | Reached skill level 5 in Stealth
  3135 | D:2      | Reached XP level 4. HP: 33/34 MP: 4/4
  3703 | D:1      | Found a faded altar of an unknown god.
  4584 | D:3      | Reached XP level 5. HP: 34/41 MP: 5/5
  4875 | D:3      | Found an ancient bone altar of Kikubaaqudgha.
  5172 | D:4      | Killed a necrophage
  5173 | D:4      | Reached skill level 5 in Fighting
  5178 | D:4      | Reached XP level 6. HP: 42/50 MP: 6/6
  5480 | D:4      | Killed Crazy Yiuf
  5941 | D:5      | Noticed an orc warrior
  5975 | D:5      | Slain by an orc warrior

Illustrated notes

Levels and vault maps discovered:
D:1:      wander_arrival_chamber, layout_loops_ring, basic_ecumenical_altar
D:2:      layout_rooms, serial_corexii_hall, corexii_hall_statues_t,
          chequers_hall_statues_corner_a, basic_altar
D:3:      layout_basic, kennysheep_vampire_church
D:4:      layout_basic, minmay_temple_entry_statues, serial_glass,
          glass_columns_b, glass_columns_c, uniq_crazy_yiuf_cottage
D:5:      layout_basic, hangedman_abyss_or_decor_stabs
Temple:   mainiacjoe_temple_hex_bubbles

Skill      XL: |  1  2  3  4  5  6 |
---------------+-------------------+-----
Dodging        | 2 3 |  3.4
Stealth        | 5 |  5.0
Long Blades    | 3 4 |  4.4
Fighting       | 4 5 |  5.1
Throwing       | |  0.2

Action                   |  1- 3 |  4- 6 || total
-------------------------+-------+-------++-------
Melee: Falchion          |    18 |   148 ||   166
       Long sword        |   107 |    30 ||   137
       Tailslap          |    12 |    17 ||    29
       Punch             |     2 |     1 ||     3
Throw: Boomerang         |     2 |     2 ||     4
Invok: Curse Item        |     1 |     1 ||     2
       Shatter the Chain |       |     1 ||     1
  Use: Potion            |     4 |     4 ||     8
       Scroll            |     3 |     1 ||     4
 Stab: Sleeping          |     6 |    11 ||    17
       Invisible         |     1 |       ||     1
       Distracted        |     2 |     1 ||     3
Armor: Skin              |    33 |    58 ||    91
Dodge: Dodged            |    96 |   159 ||   255

Table legend: (Time is in decaauts)
 A = Elapsed time spent in this place.
 B = Non-inter-level travel time spent in this place.
 C = Inter-level travel time spent in this place.
 D = Time resting spent in this place.
 E = Time spent auto-exploring this place.
 F = Levels seen in this place.
 G = Mean time per level.
                   A        B        C        D        E       F      G
               +--------+--------+--------+--------+--------+-----+--------+
         Total |   6015 |   6015 |      0 |   1752 |   2626 |   6 | 1002.5 |
       Dungeon |   5650 |   5650 |      0 |   1752 |   2626 |   5 | 1130.0 |
        Temple |    364 |    364 |      0 |      0 |      0 |   1 |  364.0 |
               +--------+--------+--------+--------+--------+-----+--------+

Top non-repeatable levels by time:
     D:3: 1554 daAuts
     D:4: 1499 daAuts
     D:2: 1059 daAuts
     D:1: 843 daAuts
     D:5: 695 daAuts
  Temple: 364 daAuts
